AoeStats
← jcdmf0312

MegaRandom

510083313Analyzed
4v4 RM · 2d ago on Sep 29, 2026· 55m 32s· 8 players
Game mode
Random Map
Map size
Large (8 player)
Population
200
Speed
Normal
Resources
Standard
Victory
Conquest
Starting age
Dark Age
Ending age
Imperial Age
RankedLock teamsTeams togetherTeam positionsShared explorationLock speedFull tech treeHidden civsTurbo modeCheats
Victory
Defeat
🇨🇳 Mongols · China
784
+5
🇨🇳 Tatars · China
740
+6
🇨🇳 Turks · China
721
+7
🇦🇷 Magyars · Argentina
718
+7
🇹🇷 Khitans · Türkiye
550
-7
🇧🇷 Persians · Brazil
510
-7
🇬🇧 Saxons · United Kingdom
500
-6
🇨🇳 Varangians · China
440
-5
v2_Snake
12:48 Feudal Age
14:08 Wheelbarrow
13:42 Gold Mining
14:44 Double-Bit Axe
16:36 Stone Mining
18:37 Domestication
18:56 Loom
18:56 Town Watch
29:29 Castle Age
27:48 Forging
29:11 Scale Mail Armor
32:00 Hand Cart
32:01 Pastoralism
32:19 Bow Saw
31:32 Pikeman
32:15 Squires
34:25 Stone Shaft Mining
34:27 Iron Casting
34:08 Chain Mail Armor
34:37 Fortified Wall
34:37 Treadmill Crane
35:07 Masonry
35:24 Chain Mail Armor
36:43 Caravan
37:08 Town Patrol
37:28 Masonry
43:18 Imperial Age
43:05 Lamellar Armor
43:23 Elite Liao Dao
44:24 Conscription
43:45 Elite Fire Lancer
45:42 Plate Mail Armor
47:37 Scale Barding Armor
51:42 Chain Barding Armor
51:11 Arson
S1rkumsiz3d
0:41 Loom
10:21 Feudal Age
11:42 Double-Bit Axe
11:51 Horse Collar
16:49 Wheelbarrow
18:13 Gold Mining
18:16 Stone Mining
22:15 Castle Age
22:20 Pikeman
23:02 Squires
22:51 Gambesons
23:10 Elite Skirmisher
24:45 Hand Cart
26:44 Bow Saw
30:03 Fletching
30:36 Caravan
34:29 Imperial Age
32:57 Heavy Plow
36:46 Two-Man Saw
36:27 Crop Rotation
35:44 Treadmill Crane
37:07 Shield Wall
39:19 Thumb Ring
40:22 Fortified Wall
40:08 Murder Holes
40:34 Ballistics
39:56 Halberdier
41:06 Guard Tower
42:13 Gold Shaft Mining
42:21 Conscription
43:33 Chemistry
42:33 Bodkin Arrow
42:50 Forging
43:35 Elite Varangian Guard
44:27 Onager
48:08 Cavalier
48:50 Husbandry
49:00 Bloodlines
50:31 Arson
52:30 Heavy Mounted Crossbowman
52:40 Cranequins
53:25 Bracer
54:01 Iron Casting
53:26 Scale Mail Armor
53:32 Scale Barding Armor
53:27 Padded Archer Armor
53:18 Town Watch
54:38 Elite Hearth Troop
Morcego OTCHÓÓÓ
1:36 Loom
15:51 Feudal Age
16:24 Horse Collar
16:37 Double-Bit Axe
17:43 Wheelbarrow
17:22 Stone Mining
18:42 Town Watch
18:52 Gold Mining
25:04 Castle Age
23:12 Arson
29:29 Coinage
29:00 Caravan
32:59 Husbandry
32:24 Elite Skirmisher
35:38 Town Patrol
36:06 Heavy Plow
37:19 Stone Shaft Mining
37:29 Devotion
37:25 Herbal Medicine
37:41 Fervor
38:22 Bloodlines
39:12 Bow Saw
42:07 Kamandaran
42:32 Hand Cart
42:51 Heated Shot
42:58 Murder Holes
43:14 Clinker Construction
43:14 Careening
47:49 Imperial Age
47:59 Imperial Age
46:27 Squires
46:13 Gambesons
45:48 Man-at-Arms
45:49 Pikeman
45:52 Light Cavalry
49:21 Conscription
50:26 Heavy Camel Rider
50:27 Cavalier
50:28 Hussar
53:50 Halberdier
53:51 Long Swordsman
54:07 Savar
55:24 Parthian Tactics
55:05 Thumb Ring
54:20 Crossbowman
不知名南波湾
1:04 Loom
10:18 Feudal Age
12:08 Double-Bit Axe
15:07 Horse Collar
18:01 Wheelbarrow
22:33 Castle Age
28:19 Hand Cart
28:02 Stone Mining
30:58 Bow Saw
31:32 Stone Shaft Mining
30:51 Gold Mining
32:13 Town Watch
33:28 Heavy Plow
37:12 Caravan
45:49 Imperial Age
43:55 Vendel Legacy
44:48 Scale Barding Armor
44:54 Forging
44:34 Fletching
44:45 Padded Archer Armor
45:55 Elite Jarl
48:41 Chain Barding Armor
48:58 Iron Casting
48:18 Bodkin Arrow
48:39 Leather Archer Armor
51:49 Plate Barding Armor
51:15 Bracer
52:16 Blast Furnace
52:25 Chemistry
51:45 Masonry
51:50 Fortified Wall
52:48 Chemistry
54:21 Ring Archer Armor
菜鸟驿站
3:49 Loom
12:51 Feudal Age
20:27 Castle Age
19:42 Double-Bit Axe
21:39 Horse Collar
22:07 Gold Mining
29:02 Heavy Plow
31:56 Wheelbarrow
34:56 Imperial Age
32:28 Stone Mining
32:58 Masonry
32:44 Murder Holes
36:16 Conscription
38:48 Hand Cart
38:18 Elite Keshik
40:02 Scale Barding Armor
40:07 Forging
45:12 Iron Casting
44:58 Chain Barding Armor
51:45 Blast Furnace
51:20 Plate Barding Armor
51:13 Timurid Siegecraft
54:05 Ballistics
54:46 Chemistry
我喜欢狐臭
0:55 Loom
10:53 Feudal Age
18:03 Horse Collar
20:38 Double-Bit Axe
24:33 Castle Age
26:00 Bow Saw
27:00 Wheelbarrow
29:17 Heavy Plow
29:50 Bloodlines
29:40 Husbandry
32:28 Stone Mining
32:28 Gold Mining
37:35 Imperial Age
35:26 Town Watch
36:35 Hand Cart
37:55 Ballistics
38:40 Artillery
39:49 Conscription
40:29 Coinage
40:07 Padded Archer Armor
39:58 Fletching
42:50 Gold Shaft Mining
41:55 Elite Janissary
44:16 Leather Archer Armor
43:51 Fletching
44:07 Caravan
44:18 Scale Barding Armor
44:23 Forging
45:00 Masonry
46:29 Two-Man Saw
46:44 Architecture
47:29 Banking
50:03 Ring Archer Armor
49:28 Bodkin Arrow
50:09 Iron Casting
49:54 Chain Barding Armor
49:35 Scale Mail Armor
51:22 Bracer
李世民
10:04 Feudal Age
12:02 Double-Bit Axe
17:09 Castle Age
16:21 Horse Collar
17:16 Stone Mining
24:44 Heavy Plow
26:55 Caravan
27:21 Bow Saw
31:27 Forging
31:18 Scale Mail Armor
31:09 Fletching
31:56 Gold Mining
35:24 Imperial Age
34:42 Ballistics
34:32 Masonry
34:32 Nomads
37:34 Iron Casting
37:14 Chain Mail Armor
37:05 Scale Barding Armor
36:55 Bodkin Arrow
37:00 Padded Archer Armor
37:23 Conscription
37:23 Drill
38:07 Chemistry
37:13 Siege Engineers
37:41 Loom
38:31 Wheelbarrow
37:41 Town Watch
38:39 Hoardings
37:25 Elite Mangudai
37:31 Onager
38:49 Siege Onager
40:23 Stone Shaft Mining
40:23 Gold Shaft Mining
40:15 Murder Holes
40:31 Fortified Wall
41:26 Blast Furnace
40:56 Plate Mail Armor
40:46 Chain Barding Armor
40:58 Thumb Ring
41:19 Parthian Tactics
41:49 Hand Cart
41:34 Town Patrol
42:17 Light Cavalry
42:57 Husbandry
43:08 Bloodlines
43:22 Capped Ram
44:39 Guard Tower
44:27 Siege Ram
45:00 Elite Steppe Lancer
47:00 Bracer
47:16 Leather Archer Armor
47:52 Hoardings
jcdmf0312
0:42 Loom
10:40 Feudal Age
12:19 Double-Bit Axe
16:18 Scale Barding Armor
18:23 Bloodlines
25:00 Castle Age
26:29 Fletching
26:43 Padded Archer Armor
27:39 Gold Mining
31:27 Bow Saw
34:27 Thumb Ring
34:29 Gold Mining
36:00 Husbandry
36:02 Bodkin Arrow
43:24 Imperial Age
40:42 Town Watch
41:47 Ballistics
41:18 Treadmill Crane
41:55 Horse Collar
43:46 Wheelbarrow
45:23 Chemistry
46:09 Conscription
47:01 Gold Shaft Mining
46:17 Stone Mining
50:43 Heavy Cavalry Archer
51:42 Leather Archer Armor
Connection lost

Rejoining the realm…

Still unreachable

The connection could not be restored.

Session expired

The server has moved on; the page needs a fresh start.